 Dungeon Crawl Stone Soup version 0.31-a0-879-g1609e0ac53 (webtiles) character file.

Game seed: 8611894087888607003

56 Dirtsage the Ruffian (level 3, -2/24 HPs)
             Began as an Octopode Shapeshifter on Oct 14, 2023.
             Killed by divine providence
             ... invoked by an orc priest
              (11 damage)
             ... on level 3 of the Dungeon.
             The game lasted 00:01:48 (1403 turns).

Dirtsage the Ruffian (Octopode Shapeshifter)        Turns: 1403, Time: 00:01:49

Health: -2/24      AC:  1    Str: 15    XL:     3   Next: 95%
Magic:  3/3        EV: 13    Int: 12    God:
Gold:   109        SH:  0    Dex: 11    Spells: 2/2 levels left

rFire   . .          .
                       - Unarmed
rCold   . . .        (no shield)
rNeg    . . .        (helmet currently unavailable)
rPois   .            (no amulet)
rElec   .            (no ring)
rCorr   .            (no ring)
SInv    .            (no ring)
Will    .....        (no ring)
Stlth   ++           (no ring)
HPRegen 0.24/turn    (no ring)
MPRegen 0.08/turn    (no ring)
                     (no ring)

%: no passive effects
@: beast-form
A: beast (slay +2), almost no armour, amphibious, 8 rings, camouflage 1,
gelatinous body 1, (nimble swimmer 1), tentacles
a: Begin Untransformation


You were on level 3 of the Dungeon.
You were a hulking beast.
You visited 1 branch of the dungeon, and saw 3 of its levels.

You collected 109 gold pieces.

Inventory:

Talismans
 b - a beast talisman (active)
 c - a flux talisman
 h - a blade talisman
Scrolls
 e - 2 scrolls of fear {unknown}
 g - 2 scrolls of fog {unknown}
 i - 2 scrolls of teleportation {unknown}
 j - a scroll of poison {unknown}
 l - a scroll of brand weapon {unknown}
Potions
 a - a potion of lignification
 d - a potion of enlightenment {unknown}
 f - a potion of curing {unknown}
 k - a potion of berserk rage {unknown}


   Skills:
 + Level 1.8 Fighting
 - Level 2.0 Dodging
 + Level 0.0 Stealth
 * Level 3.7 Unarmed Combat
 * Level 3.6 Shapeshifting


You had 2 spell levels left.
You didn't know any spells.
Your spell library was empty.

Dungeon Overview and Level Annotations

Branches:
Dungeon (3/15)

Altars:


Innate Abilities, Weirdness & Mutations

You are a hulking beast.
Your limbs bulge with bestial killing power. (Slay +2)
You cannot wear most types of armour.
You are amphibious.
You can wear up to eight rings at the same time.
Your skin changes colour to match your surroundings (Stealth+).
Your rubbery body absorbs attacks. (AC +1, EV +1)
((You are camouflaged when in or above water. (Stealth+)))
You have tentacles for arms and can constrict up to eight enemies at once.


Message History

There is an open door here.
You open the door.
There is an open door here.
You see here a +0 helmet.
i - 2 scrolls labelled FOILLAUTEU (gained 1)
You see here a +0 robe.
You now have 109 gold pieces (gained 6).
There is a stone staircase leading up here.
Done exploring.
There is a stone staircase leading down here.
You climb downwards.
There is a stone staircase leading up here.
An orc comes into view. It is wielding a +0 war axe.
An orc comes into view. It is wielding a +0 dagger.
An orc comes into view. It is wielding a +0 war axe.
Found a stone staircase leading down.
An orc priest comes into view. It is wielding a +0 club.
The orc priest shouts!
The orc shouts!
The orc priest moves out of view.
The orc shouts!
The orc attacks as it pursues you! The orc misses you.
The orc priest looks encouraged for a moment.
You swing at nothing.
You closely miss the orc. You grab the orc.
You constrict the orc, but do no damage.
The orc hits you with a +0 war axe!
You take 8 damage, and have 16/24 hp.
MASSIVE DAMAGE!!
You tentacle-slap the orc.
The orc is heavily wounded.
You constrict the orc. The orc barely misses you.
You tentacle-slap the orc but do no damage.
The orc is severely wounded.
You constrict the orc, but do no damage.
The orc hits you with a +0 war axe!
You take 8 damage, and have 8/24 hp.
MASSIVE DAMAGE!!
You tentacle-slap the orc.
You kill the orc!
The orc priest calls down the wrath of Beogh upon you.
Beogh smites you!
You die...

..# ## # ... ..#
#.#.. ....
#(#.####....
..........
#....#.### #
#<........
#..#.####.....##.
#.....h)oo....#
#..#.####o..####.
# #...##(..
#......##
.###)##o.......
.......o.#.....
.#..o##.##.....
.... ..# ...( ...
..## ....


You could see an orc priest and 2 orcs.

Vanquished Creatures
  An adder (D:2)
  A worm (D:2)
  2 dart slugs
  An orc (D:3)
  6 endoplasms
  2 giant cockroaches
  4 goblins
  3 hobgoblins (D:2)
  3 jackals (D:1)
  2 quokkas (D:1)
  5 ball pythons
  A bat (D:1)
  2 frilled lizards
  A kobold (D:2)
  2 rats (D:1)
36 creatures vanquished.

Notes
Turn   | Place    | Note
-------+----------+-------------------------------------------
     0 | D:1      | Dirtsage the Octopode Shapeshifter began the quest for the
                  | Orb.
     0 | D:1      | Reached XP level 1. HP: 13/13 MP: 1/1
   142 | D:1      | Reached XP level 2. HP: 18/18 MP: 2/2
   205 | D:1      | You fall into a shaft and drop 1 floor!
   446 | D:1      | Reached XP level 3. HP: 19/23 MP: 3/3
  1403 | D:3      | Killed from afar by an orc priest

Illustrated notes

Levels and vault maps discovered:
D:1:      dpeg_arrival_rooms_b, layout_basic, minmay_misc_feat_rows
D:2:      layout_basic, dreamdust_princess_corridor, minmay_goblin_outpost
D:3:      layout_basic, nicolae_qazlal_style_of_elements, old_standard_altar

Action                     || total
---------------------------++-------
  Melee: Unarmed           ||    68
         Tentacles         ||    15
         Constrict         ||    16
         Punch             ||     2
   Stab: Sleeping          ||     3
 Armour: Skin              ||    20
  Dodge: Dodged            ||    31

Table legend: (Time is in decaauts)
 A = Elapsed time spent in this place.
 B = Non-inter-level travel time spent in this place.
 C = Inter-level travel time spent in this place.
 D = Time resting spent in this place.
 E = Time spent auto-exploring this place.
 F = Levels seen in this place.
 G = Mean time per level.
                   A        B        C        D        E       F      G
               +--------+--------+--------+--------+--------+-----+--------+
         Total |   1398 |   1349 |     49 |      0 |   1146 |   3 |  466.0 |
       Dungeon |   1398 |   1349 |     49 |      0 |   1146 |   3 |  466.0 |
               +--------+--------+--------+--------+--------+-----+--------+

Top non-repeatable levels by time:
     D:2: 726 daAuts
     D:1: 652 daAuts
     D:3: 19 daAuts
